 Dungeon Crawl Stone Soup version 0.27.0-1-g7a089689b8 (webtiles) character file.

Game seed: 17023707384255123457

41 Gargoyl the Skirmisher (level 3, -2/35 HPs)
             Began as a Gnoll Abyssal Knight on July 31, 2021.
             Was a Believer of Lugonu.
             Slain by Terence (7 damage)
             ... on level 2 of the Dungeon.
             The game lasted 00:01:24 (1053 turns).

Gargoyl the Skirmisher (Gnoll Abyssal Knight)       Turns: 1053, Time: 00:01:25

Health: -2/35      AC: 14    Str: 12    XL:     3   Next: 52%
Magic:  6/6        EV:  4    Int: 11    God:    Lugonu [**....]
Gold:   43         SH:  0    Dex: 17    Spells: 3/3 levels left

rFire    . . .     SeeInvis .   a - +1 hand axe
rCold    . . .     Faith    .   (no shield)
rNeg     . . .     Spirit   .   c - +0 plate armour
rPois    .         Reflect  .   (no helmet)
rElec    +         Harm     .   (no cloak)
rCorr    .         Rampage  .   f - +1 pair of gloves
Will     .....                  (no boots)
Stlth    ..........             (no amulet)
HPRegen  0.11/turn              d - ring of Internal Strife {rElec Dex+6}
MPRegen  0.10/turn              (no ring)

@: no status effects
A: fangs 1, strong nose, distributed training
a: Renounce Religion, Depart the Abyss, Bend Space


You were on level 2 of the Dungeon.
You worshipped Lugonu.
Lugonu was pleased with you.
You visited 1 branch of the dungeon, and saw 2 of its levels.
You visited the Abyss 1 time.

You collected 43 gold pieces.

Inventory:

Hand Weapons
 a - a +1 hand axe (weapon)
 g - a +0 war axe
Armour
 c - a +0 plate armour (worn)
 f - a +1 pair of gloves (worn)
Jewellery
 d - the ring of Internal Strife (left hand) {rElec Dex+6}
   (You acquired it on level 2 of the Dungeon)

   [ring of dexterity]

   Dex:       It affects your dexterity (+6).
   rElec:     It insulates you from electricity.
Scrolls
 h - a scroll of blinking {unknown}
 i - a scroll of amnesia
Potions
 b - a potion of ambrosia {unknown}
 e - a potion of might {unknown}


   Skills:
 + Level 6.5 Fighting
 + Level 0.8 Short Blades
 + Level 0.8 Long Blades
 + Level 4.5 Axes
 + Level 0.8 Maces & Flails
 + Level 0.8 Polearms
 + Level 0.8 Staves
 + Level 0.8 Slings
 + Level 0.8 Bows
 + Level 0.8 Crossbows
 + Level 0.8 Throwing
 + Level 4.5 Armour
 + Level 2.6 Dodging
 + Level 0.8 Stealth
 + Level 0.8 Shields
 + Level 0.8 Unarmed Combat
 + Level 0.8 Spellcasting
 + Level 0.5 Conjurations
 + Level 0.5 Hexes
 + Level 0.5 Summonings
 + Level 0.5 Necromancy
 + Level 0.5 Translocations
 + Level 0.5 Transmutations
 + Level 0.5 Fire Magic
 + Level 0.5 Ice Magic
 + Level 0.5 Air Magic
 + Level 0.5 Earth Magic
 + Level 0.5 Poison Magic
 + Level 4.6 Invocations
 + Level 0.8 Evocations


You had 3 spell levels left.
You didn't know any spells.
Your spell library was empty.

Dungeon Overview and Level Annotations

Branches:
Dungeon (2/15)

Altars:

Annotations:
D:2 Terence


Innate Abilities, Weirdness & Mutations

You have very sharp teeth.
Your uncanny sense of smell can sniff out nearby items.
Your experience applies equally to all skills.


Message History

You hit Terence but do no damage. You hit the kobold.
You kill the kobold!
Lugonu accepts your kill.
You can now bend space around yourself.
Terence hits you with a +0 flail.
Unknown command.
You hit Terence but do no damage. Terence hits you but does no damage. x2
You hit Terence but do no damage. You bite Terence, but do no damage.
Terence barely misses you.
Unknown command.
You barely miss Terence. Terence barely misses you.
You hit Terence.
Terence is moderately wounded.
Terence hits you with a +0 flail.
Your plate armour prevents you from hitting Terence.
Terence is moderately wounded.
Terence hits you but does no damage.
You hit Terence but do no damage.
Terence is moderately wounded.
Terence hits you but does no damage.
Your plate armour prevents you from hitting Terence.
Your bite misses Terence.
Terence is moderately wounded.
Terence hits you with a +0 flail!
You hit Terence.
Terence is heavily wounded.
Terence hits you with a +0 flail.
You closely miss Terence.
Terence is heavily wounded.
Terence hits you but does no damage.
You hit Terence but do no damage.
Terence is heavily wounded.
Terence hits you with a +0 flail!
* * * LOW HITPOINT WARNING * * *
You hit Terence. You bite Terence, but do no damage.
Terence is severely wounded.
Terence hits you but does no damage.
You hit Terence. You bite Terence, but do no damage.
Terence is severely wounded.
Terence hits you with a +0 flail!
You die...

#..............
#.#.###.####.##
#.#. #.# #.## .
#.#.###†#
#...#..
........#
...<..
#.#.###.##....#
#......#
#.###..# ...
#@.# ...# #@)#
#.## ..)# #
.#..# #.#..# #
#..# ...# #..#


You could see Terence.

Vanquished Creatures
  A worm (D:2)
  2 dart slugs
  2 giant cockroaches
  2 goblins
  2 hobgoblins (D:1)
  6 jackals
  4 ball pythons (D:1)
  4 frilled lizards (D:1)
  4 kobolds
  6 rats
33 creatures vanquished.

Notes
Turn   | Place    | Note
-------+----------+-------------------------------------------
     0 | Abyss:1  | Gargoyl the Gnoll Abyssal Knight began the quest for the
                  | Orb.
     0 | Abyss:1  | Reached XP level 1. HP: 23/23 MP: 3/3
    76 | Abyss:1  | Noticed an efreet
    77 | D:1      | Escaped the Abyss
   148 | D:1      | Found a faded altar of an unknown god.
   262 | D:1      | Reached * piety under Lugonu
   263 | D:1      | Reached XP level 2. HP: 20/29 MP: 5/5
   713 | D:1      | Reached XP level 3. HP: 35/35 MP: 6/6
   803 | D:2      | Identified a scroll of acquirement
   803 | D:2      | Acquired the ring of Internal Strife {rElec Dex+6}
  1038 | D:2      | Noticed Terence
  1041 | D:2      | Reached ** piety under Lugonu
  1053 | D:2      | Slain by Terence

Illustrated notes

Levels and vault maps discovered:
D:1:      dpeg_arrival_long_road, layout_rooms,
          shapermc_ecumenical_altar_totnotflames, minmay_misc_feat_encased,
          minmay_misc_feat_rows, hex_medium
D:2:      layout_loops_ring, basic_altar, uniq_terence, uniq_jessica

Action                   || total
-------------------------++-------
Melee: Hand axe          ||    98
       Bite              ||    12
Invok: Depart the Abyss  ||     1
  Use: Scroll            ||     2
Armor: Plate armour      ||    86
Dodge: Dodged            ||    13
